 Dungeon Crawl Stone Soup version bcrawl-1.17.3 (webtiles) character file.

Game seed: 871779216860611864

236562 Bnni the Slayer (level 19, -4/200 HPs)
             Began as a Hill Orc Archaeologist on Oct 24, 2019.
             Was the Champion of Okawaru.
             Slain by a naga warrior
             ... wielding a +0 war axe
              (6 damage)
             ... on level 3 of the Snake Pit.
             The game lasted 01:10:03 (29499 turns).

Bnni the Slayer (Hill Orc Archaeologist)           Turns: 29499, Time: 01:10:03

Health: -4/200     AC:  7    Str: 22    XL:     19   Next: 21%
Magic:  6/25       EV:  2    Int: 14    God:    Okawaru [******]
Gold:   2281       SH: 14    Dex: 12    Spells: 18/18 levels left

rFire    + + .     SeeInvis +   H - +8 demon blade "Leech" {vamp, rN+ AC-5}
rCold    + + +     Gourm    .   E - +2 buckler {AC+3}
rNeg     + + +     Faith    .   f - +9 scales of the Dragon King {rPois rF+ rC+ MR+}
rPois    +         Spirit   .   D - +1 hat "Joehu" {rElec rPois MR++ Stlth-}
rElec    +         Reflect  +   L - +2 cloak
rCorr    .         Harm     .   C - +1 pair of gloves of the Saviour {*Corrode rN+ Slay+5}
MR       +++++                  F - +0 pair of boots {run}
Stlth    ..........             K - +2 amulet of reflection
HPRegen  0.43/turn              w - ring of Sitrew {rElec rF+ rN+ MR+}
MPRegen  0.19/turn              x - ring "Pompuij" {rPois rC++ Dex+3 SInv}

@: corroded, constricted, quick
A: no striking features
}: 2/15 runes: decaying, serpentine
a: Heroism, Finesse, Renounce Religion


You were on level 3 of the Snake Pit.
You worshipped Okawaru.
Okawaru was exalted by your worship.
You were not hungry.

You visited 6 branches of the dungeon, and saw 26 of its levels.

You collected 3207 gold pieces.
You spent 926 gold pieces at shops.

Inventory:

Hand Weapons
 n - a +1 bardiche of freezing
 p - a +3 vampiric demon trident
 B - a +0 triple crossbow
 H - the +8 demon blade "Leech" (weapon) {vamp, rN+ AC-5}
   (You found it on level 4 of the Lair of Beasts)

   It inflicts no extra harm, but heals its wielder when it wounds a living foe.
   It affects your AC (-5).
   It protects you from negative energy.
 T - a +1 triple sword of flaming
Missiles
 m - 620 bolts
 u - 83 steel javelins (quivered)
 X - 160 javelins
Armour
 f - the +9 scales of the Dragon King (worn) {rPois rF+ rC+ MR+}

   It protects you from fire.
   It protects you from cold.
   It protects you from poison.
   It affects your resistance to hostile enchantments.
 t - a scarf of stasis
 C - the +1 pair of gloves of the Saviour (worn) {*Corrode rN+ Slay+5}
   (Okawaru gifted it to you on level 5 of the Lair of Beasts)

   It affects your accuracy and damage with ranged weapons and melee attacks
   (+5).
   It protects you from negative energy.
   It may corrode you when you take damage.
 D - the +1 hat "Joehu" (worn) {rElec rPois MR++ Stlth-}
   (You bought it in a shop in the Orcish Mines)

   It insulates you from electricity.
   It protects you from poison.
   It affects your resistance to hostile enchantments.
   It makes you less stealthy.
 E - a +2 buckler of protection (worn)
 F - a +0 pair of boots of running (worn)
 L - a +2 cloak (worn)
 Y - the +0 scale mail "Hecoicw" {rC+ Str+3}
   (Okawaru gifted it to you on level 3 of the Snake Pit)

   It affects your strength (+3).
   It protects you from cold.
 Z - a +2 pair of boots of flying
Jewellery
 s - the ring of Mysticism {rElec rN+ MP+9 Str+2}
   (You found it on level 3 of the Swamp)

   [ring of magical power]

   It affects your strength (+2).
   It insulates you from electricity.
   It protects you from negative energy.
   It affects your magic capacity (+9).
 w - the ring of Sitrew (left hand) {rElec rF+ rN+ MR+}
   (You found it on level 5 of the Dungeon)

   [ring of protection from fire]

   It protects you from fire.
   It insulates you from electricity.
   It protects you from negative energy.
   It affects your resistance to hostile enchantments.
 x - the ring "Pompuij" (right hand) {rPois rC++ Dex+3 SInv}
   (You took it off an orc warrior in the Orcish Mines)

   [ring of see invisible]

   It affects your dexterity (+3).
   It greatly protects you from cold.
   It protects you from poison.
   It lets you see invisible.
 K - a +2 amulet of reflection (around neck)
Wands
 c - a wand of random effects (7)
 e - a wand of disintegration (34)
 r - a wand of digging (11)
 J - a wand of iceblast (19)
 O - a wand of acid (13)
 P - a wand of flame (70)
Scrolls
 i - 2 scrolls of enchant weapon
 l - 2 scrolls of fog
 v - 12 scrolls of teleportation
 y - a scroll of fear
 A - 7 scrolls of remove curse
 I - 2 scrolls of silence
 N - a scroll of amnesia
 R - a scroll of immolation
 S - a scroll of summoning
 W - a scroll of vulnerability
Potions
 a - 3 potions of heal wounds
 b - 4 potions of curing
 h - 3 potions of cancellation
 j - 2 potions of ambrosia
 q - 3 potions of haste
 z - 2 potions of berserk rage
 G - 3 potions of mutation
 M - a potion of might
 Q - a potion of agility
 V - a potion of resistance
Miscellaneous
 d - a lamp of fire
 k - a phantom mirror
 o - a phial of floods
Comestibles
 g - 37 rations {!d}


   Skills:
 + Level 24.6 Fighting
   Level 24.6 Short Blades
   Level 24.6 Long Blades
   Level 24.6 Axes
   Level 24.6 Maces & Flails
   Level 24.6 Polearms
   Level 24.6 Staves
 - Level 8.2 Armour
 - Level 2.4 Dodging
 - Level 2.6 Stealth
 - Level 4.0 Shields
   Level 24.6 Unarmed Combat
 - Level 8.1 Invocations


You had 18 spell levels left.
You didn't know any spells.
Your spell library contained the following spells:

 Spells                   Type           Power        Failure   Level  Hunger
 Animate Skeleton         Necr           N/A          100%        1    ##.....
 Flame Tongue             Conj/Fire      #....        100%        1    ##.....
 Sandblast                Erth           #.....       100%        1    ##.....
 Shock                    Conj/Air       #....        100%        1    ##.....
 Flaming Arrows           Chrm/Fire      #.......     100%        2    ###....
 Passwall                 Tmut/Erth      #.......     100%        2    ###....
 Shackle                  Hex            #.......     100%        2    ###....
 Swiftness                Chrm/Air       #.......     100%        2    ###....
 Conjure Flame            Conj/Fire      #.......     100%        3    ####...
 Inner Flame              Hex/Fire       N/A          100%        3    ####...
 Recall                   Summ/Tloc      N/A          100%        3    ####...
 Regeneration             Chrm/Necr      #.........   100%        3    ####...
 Static Discharge         Air            #.......     100%        3    ####...
 Stone Arrow              Conj/Erth      #.....       100%        3    ####...
 Tukima's Dance           Hex            #.......     100%        3    ####...
 Airstrike                Air            #.........   100%        4    #####..
 Petrify                  Tmut/Erth      #.......     100%        4    #####..
 Sticky Flame             Conj/Fire      #.......     100%        4    #####..
 Aura of Abjuration       Summ           #.........   100%        5    ######.
 Fireball                 Conj/Fire      #.........   100%        5    ######.
 Iskenderun's Battlesphe  Conj/Chrm      #.......     100%        5    ######.
 Lee's Rapid Deconstruct  Erth           #.........   100%        5    ######.
 Lightning Bolt           Conj/Air       #.........   100%        5    ######.
 Summon Demon             Summ           #.........   100%        5    ######.
 Summon Forest            Summ/Tloc      #.........   100%        5    ######.
 Summon Mana Viper        Hex/Summ       #.......     100%        5    ######.
 Borgnjor's Vile Clutch   Necr/Erth      #.........   100%        6    #######
 Iron Shot                Conj/Erth      #.........   100%        6    #######
 Poison Arrow             Conj/Pois      #.........   100%        6    #######
 Shadow Creatures         Summ           N/A          100%        6    #######
 Orb of Destruction       Conj           #.........   100%        7    #######
 Spellforged Servitor     Conj/Summ      #.........   100%        7    #######


Dungeon Overview and Level Annotations

Branches:
Dungeon (12/12)            Temple (1/1) D:4            Lair (6/6) D:7
  Swamp (3/3) Lair:2        Snake (3/3) Lair:3        Slime (0/5) Lair:5
    Orc (1/1) D:11            Elf (0/3) Orc          Vaults (0/3) D:11
 Depths (0/5) D:12

Altars:
Ashenzari
Cheibriados
Dithmenos
Elyvilon
Fedhas
Gozag
Hepliaklqana
Kikubaaqudgha
Lugonu
Makhleb
Nemelex Xobeh
Okawaru
Qazlal
Ru
Sif Muna
Trog
Uskayaw
Vehumet
Wu Jian
Xom
Yredelemnul
Zin
The Shining One
Jiyva

Shops:
D:4 (   D:5 *   D:6 [   D:12 %   Orc :?*[!   Snake:2 *

Annotations:
Snake:3 exclusion: ice statue


Message History

The naga warrior is moderately wounded.
You slash the naga warrior!
You feel better.
The naga warrior is heavily wounded.
You block the naga warrior's attack.
* * * LOW HITPOINT WARNING * * *
The naga warrior constricts you.
You slash the naga warrior!
You feel better.
The naga warrior is heavily wounded.
You closely miss the naga warrior.
The naga warrior is heavily wounded.
The naga warrior hits you with a +0 war axe!
* * * LOW HITPOINT WARNING * * *
x2 Your corrosive artefact corrodes you!
The naga warrior constricts you.
You slash the naga warrior!
You feel better.
The naga warrior is severely wounded.
You hit the naga warrior.
You feel better.
The naga warrior is severely wounded.
The naga warrior hits you with a +0 war axe!!
* * * LOW HITPOINT WARNING * * *
You die...

..#.#......).....#....))#.#....#
..#.#)).........##....)).)....#
...##†).........######(!....###
.####..#..#..#### ##.####### ##
#.######## ##.## .# #.# ##.## ##
#.### ##.## # #...# ##N## #.#.#
##@## #+#.# #)## #.♣.# ###
###...### ##.......##
##.........## #......)....##
...##...##...## ..###.♣)###...#


You could see a naga warrior.

Vanquished Creatures
  Jorgrun (D:11)
  A tentacled monstrosity (Swamp:3)
  Asterion (Snake:2)
  Kirke (Lair:3)
  A thorn hunter (Swamp:2)
  13 nagarajas
  A frost giant (D:11)
  2 orc warlords (Orc)
  The ghost of MisterOstroum the Devastator, an adept FrCj of Vehumet (Swamp:2)
  2 entropy weavers (Lair:6)
  Nessos (Lair:6)
  2 ogre magi (D:12)
  2 rakshasas (Snake:1)
  Fannar (Lair:3)
  2 fire dragons
  18 hydras
  An ice dragon (D:12)
  12 naga warriors
  A ghost crab (Swamp:3)
  3 shambling mangroves
  2 centaur warriors
  A queen ant (Lair:6)
  A two-headed ogre (shapeshifter) (D:12)
  16 anacondas
  10 two-headed ogres
  2 dancing weapons
  A death yak (Lair:2)
  7 alligators
  2 spriggan berserkers (Swamp:3)
  2 tengu warriors
  7 naga sharpshooters
  11 shock serpents
  5 orc high priests (Orc)
  A deep elf knight (D:12)
  Nergalle (Lair:3)
  16 swamp dragons
  A salamander mystic (Snake:3)
  4 skeletal warriors (D:12)
  8 sea snakes (Snake:3)
  3 death drakes
  A deep elf archer (D:11)
  2 spriggan druids
  A deep troll (D:12)
  9 naga ritualists
  2 cyclopes (D:11)
  14 mana vipers
  A phantasmal warrior (D:11)
  A lindwurm (Lair:6)
  2 orc sorcerers (Orc)
  An ugly thing (D:9)
  9 orc knights
  3 salamanders
  2 oklob plants
  A deep elf mage (D:12)
  13 elephants
  7 guardian serpents
  41 black mambas
  2 torpor snails
  3 molten gargoyles (Lair:6)
  14 naga magi
  A gargoyle (D:11)
  27 cane toads
  A yaktaur (D:12)
  A kobold demonologist (D:12)
  16 komodo dragons
  A tengu conjurer (D:11)
  5 trolls
  A queen bee (Lair:1)
  10 tyrant leeches
  2 polar bears
  13 hornets
  8 bog bodies
  8 blink frogs
  5 dream sheep (Lair:6)
  9 slime creatures
  9 hippogriffs
  9 spriggans
  20 yaks
  6 basilisks
  2 wyverns
  A basilisk (shapeshifter) (D:12)
  2 steam dragons (Lair:6)
  27 vampire mosquitoes
  Menkaure (D:7)
  2 hungry ghosts
  18 soldier ants (Lair:6)
  6 wargs (Orc)
  48 nagas
  6 swamp worms
  26 insubstantial wisps
  13 water moccasins
  An acid dragon (D:12)
  5 hell hounds (Lair:6)
  2 ice beasts (D:10)
  3 sky beasts
  9 swamp drakes
  9 porcupines
  A phantom (D:11)
  A black bear (shapeshifter) (D:12)
  51 orc warriors
  12 ogres
  6 centaurs
  11 crocodiles
  6 big kobolds
  10 bullfrogs
  3 gnoll sergeants (D:11)
  3 scorpions
  26 killer bees
  3 wights (D:9)
  A howler monkey (D:6)
  An electric eel (Lair:2)
  5 lava snakes (Lair:6)
  10 crimson imps
  A quasit (D:7)
  3 jellies
  4 hounds
  A centaur zombie (D:5)
  A gnoll shaman (D:5)
  A bullfrog skeleton (D:7)
  34 orc priests
  4 iguanas
  15 orc wizards
  18 worker ants
  2 hound zombies
  2 hound skeletons
  2 worker ant zombies
  Robin (D:3)
  8 gnolls
  7 adders
  2 shadow imps
  An ooze (D:3)
  2 adder zombies
  A dart slug (D:5)
  3 worms
  5 leopard geckos
  98 orcs
  6 bats
  4 giant cockroaches
  13 goblins
  6 hobgoblins
  4 jackals
  9 kobolds
  A quokka (D:4)
  6 frilled lizards
  2 jackal skeletons
  8 rats
  A plant (Snake:1)
1056 creatures vanquished.

Vanquished Creatures (collateral kills)
  A slime creature (Swamp:3)
1 creature vanquished.

Vanquished Creatures (others)
  A hydra (Swamp:3)
  2 naga sharpshooters
  The ghost of lis82 the Magician, a novice DgWz of Demigod (D:5)
  A cane toad (Swamp:3)
  A hornet (Swamp:3)
  A naga (Snake:1)
  An orc priest (Orc)
  An orc wizard (Orc)
  2 gnolls (D:5)
  2 briar patches (Swamp:2)
  2 fungi
  5 plants
20 creatures vanquished.

Grand Total: 1077 creatures vanquished

Notes
Turn   | Place    | Note
-------+----------+-------------------------------------------
     0 | D:1      | Bnni the Hill Orc Archaeologist began the quest for the
                  | Orb.
     0 | D:1      | Reached XP level 1. HP: 15/15 MP: 1/1
    12 | D:1      | Reached skill level 1 in Fighting
   195 | D:1      | Reached XP level 2. HP: 22/23 MP: 2/2
   365 | D:1      | Reached skill level 2 in Fighting
   889 | D:2      | Reached XP level 3. HP: 30/30 MP: 3/3
  1078 | D:2      | Reached skill level 1 in Armour
  1425 | D:3      | Noticed Robin
  1642 | D:3      | Killed Robin
  1642 | D:3      | Reached XP level 4. HP: 31/37 MP: 4/4
  1899 | D:3      | Found an ornate altar of the Wu Jian Council.
  2071 | D:3      | Noticed a big kobold
  2097 | D:3      | Killed a big kobold
  2097 | D:3      | Reached skill level 3 in Fighting
  2097 | D:3      | Reached skill level 5 in Armour
  2097 | D:3      | Reached XP level 5. HP: 27/45 MP: 5/5
  2723 | D:4      | Reached XP level 6. HP: 47/51 MP: 6/6
  2880 | D:4      | Found Posemit's Weapon Boutique.
  2995 | D:4      | Found a staircase to the Ecumenical Temple.
  3005 | Temple   | Entered the Ecumenical Temple
  3469 | D:4      | Reached XP level 7. HP: 58/58 MP: 7/7
  3683 | D:5      | Entered Level 5 of the Dungeon
  3711 | D:5      | Reached skill level 4 in Fighting
  3933 | D:5      | Found a runed translucent door.
  3945 | D:5      | Noticed lis82's ghost (novice DgWz)
  4059 | D:4      | Reached skill level 5 in Fighting
  4153 | D:5      | Found a basalt altar of Yredelemnul.
  4209 | D:5      | Reached XP level 8. HP: 64/70 MP: 8/8
  4310 | D:5      | Killed lis82's ghost
  4310 | D:5      | Reached skill level 7 in Fighting
  4378 | D:5      | Got a clouded platinum ring
  4379 | D:5      | Identified the ring of Sitrew {rElec rF+ rN+ MR+} (You
                  | found it on level 5 of the Dungeon)
  4515 | D:5      | Found Senoyx's General Store.
  4579 | D:5      | Bought a scroll of teleportation for 33 gold pieces
  4579 | D:5      | Bought a scroll of remove curse for 33 gold pieces
  4666 | D:5      | Found a corrupted altar of Lugonu.
  5068 | D:6      | Found Tisaec's Armour Shoppe.
  5079 | D:6      | Reached skill level 8 in Fighting
  5141 | D:6      | Reached XP level 9. HP: 81/81 MP: 9/9
  5256 | D:6      | Noticed a troll
  5310 | D:6      | Killed a troll
  5334 | D:6      | Reached skill level 9 in Fighting
  5878 | D:7      | Found a basalt altar of Yredelemnul.
  5915 | D:7      | Found a shadowy altar of Dithmenos.
  5982 | D:7      | Reached skill level 10 in Fighting
  6072 | D:7      | Found a staircase to the Lair.
  6250 | D:7      | Noticed Menkaure
  6257 | D:7      | Killed Menkaure
  6264 | D:7      | Reached XP level 10. HP: 54/94 MP: 10/10
  6988 | D:8      | Reached skill level 11 in Fighting
  7276 | D:8      | Found an ancient bone altar of Kikubaaqudgha.
  7291 | D:8      | Found an iron altar of Okawaru.
  7299 | D:8      | Became a worshipper of Warmaster Okawaru
  7395 | D:9      | Noticed a two-headed ogre
  7406 | D:9      | Killed a two-headed ogre
  7448 | D:9      | Noticed a purple ugly thing
  7465 | D:9      | Killed a purple ugly thing
  7465 | D:9      | Reached * piety under Okawaru
  7684 | D:9      | Reached skill level 12 in Fighting
  7876 | D:9      | Reached ** piety under Okawaru
  7971 | D:9      | Found a hazy altar of Hepliaklqana.
  7973 | D:9      | Noticed a tengu warrior
  8004 | D:9      | Killed a tengu warrior
  8122 | D:10     | Entered Level 10 of the Dungeon
  8122 | D:10     | Noticed a two-headed ogre
  8135 | D:10     | Reached skill level 1 in Shields
  8135 | D:10     | Reached XP level 11. HP: 105/105 MP: 11/11
  8141 | D:10     | Killed a two-headed ogre
  8160 | D:10     | Reached *** piety under Okawaru
  8640 | D:11     | Noticed a centaur warrior
  8642 | D:11     | Noticed a +2 long sword
  8643 | D:11     | Found a gate to the Vaults.
  8675 | D:10     | Killed a +2 long sword
  8675 | D:10     | Reached skill level 13 in Fighting
  8864 | D:11     | Killed a centaur warrior
  8864 | D:11     | Reached **** piety under Okawaru
  8868 | D:11     | Noticed a +5 long sword
  8874 | D:11     | Killed a +5 long sword
  8881 | D:11     | Noticed a cyclops
  8952 | D:11     | Killed a cyclops
  8952 | D:11     | Reached ***** piety under Okawaru
  9117 | D:11     | Noticed a cyclops
  9117 | D:11     | Noticed a deep elf archer
  9131 | D:11     | Killed a cyclops
  9131 | D:11     | Reached skill level 14 in Fighting
  9141 | D:11     | Killed a deep elf archer
  9141 | D:11     | Received a gift from Okawaru
  9142 | D:11     | Got a crude chain mail {god gift}
  9163 | D:11     | Noticed a phantasmal warrior
  9164 | D:11     | Noticed a frost giant
  9178 | D:11     | Killed a phantasmal warrior
  9178 | D:11     | Reached XP level 12. HP: 100/117 MP: 9/12
  9188 | D:11     | Killed a frost giant
  9204 | D:11     | Noticed a seven-headed hydra
  9211 | D:11     | Killed a seven-headed hydra
  9506 | D:11     | Noticed a tengu warrior
  9516 | D:11     | Reached skill level 5 in Invocations
  9545 | D:11     | Killed a tengu warrior
  9553 | D:11     | Noticed a two-headed ogre
  9566 | D:11     | Killed a two-headed ogre
  9610 | D:11     | Noticed Jorgrun
  9641 | D:11     | HP: 1/118 [Jorgrun/uncursed staff of earth (8)]
 10020 | D:11     | Noticed a two-headed ogre
 10043 | D:11     | Killed a two-headed ogre
 10226 | D:10     | Identified the +7 chain mail of Depression {rCorr Int+3}
                  | (Okawaru gifted it to you on level 11 of the Dungeon)
 10276 | D:11     | Noticed an eight-headed hydra
 10327 | D:10     | Killed an eight-headed hydra
 10798 | Lair:1   | Entered Level 1 of the Lair of Beasts
 10957 | Lair:1   | Reached skill level 15 in Fighting
 11119 | Lair:1   | Noticed a five-headed hydra
 11133 | Lair:1   | Killed a five-headed hydra
 11353 | Lair:1   | Received a gift from Okawaru
 11459 | Lair:1   | Reached ****** piety under Okawaru
 11699 | Lair:1   | Reached XP level 13. HP: 126/127 MP: 19/19
 12330 | Lair:2   | Reached skill level 16 in Fighting
 12971 | Lair:2   | Found a staircase to the Swamp.
 13562 | Lair:3   | Found a staircase to the Snake Pit.
 13623 | Lair:3   | Noticed Nergalle
 13635 | Lair:3   | Killed Nergalle
 13706 | Lair:3   | Noticed Fannar
 13732 | Lair:3   | Killed Fannar
 13757 | Lair:3   | Noticed Kirke
 13778 | Lair:3   | Killed Kirke
 13893 | Lair:3   | Received a gift from Okawaru
 14875 | Lair:4   | Reached skill level 17 in Fighting
 15027 | Lair:4   | Found the +8 demon blade "Leech" {vamp, rN+ AC-5}
 15565 | Lair:5   | Reached XP level 14. HP: 140/140 MP: 20/20
 15642 | Lair:5   | Found a staircase to the Slime Pits.
 15643 | Lair:5   | Found a viscous altar of Jiyva.
 15959 | Lair:5   | Received a gift from Okawaru
 15960 | Lair:5   | Got a pair of warped gloves {god gift}
 15984 | Lair:5   | Identified the +1 pair of gloves of the Saviour {*Corrode
                  | rN+ Slay+5} (Okawaru gifted it to you on level 5 of the
                  | Lair of Beasts)
 16515 | Lair:6   | Entered Level 6 of the Lair of Beasts
 16592 | Lair:6   | Reached skill level 18 in Fighting
 16605 | Lair:6   | Got an encrusted halberd
 16615 | Lair:6   | Identified the +6 halberd "Conservator" {chop, -Tele rElec
                  | rPois Str+4} (You found it on level 6 of the Lair of
                  | Beasts)
 17053 | Lair:6   | Found a large runed door.
 17053 | Lair:6   | Found a large runed door.
 17072 | Lair:6   | Noticed Nessos
 17120 | Lair:6   | Killed Nessos
 17631 | Lair:6   | Noticed an entropy weaver
 17637 | Lair:6   | Received a gift from Okawaru
 17638 | Lair:6   | Noticed an entropy weaver
 17704 | Lair:6   | Reached XP level 15. HP: 151/151 MP: 21/21
 17707 | Lair:6   | Reached skill level 19 in Fighting
 18255 | D:11     | Killed Jorgrun
 18355 | D:11     | Found a staircase to the Orcish Mines.
 18612 | D:12     | Entered Level 12 of the Dungeon
 18670 | D:12     | Received a gift from Okawaru
 18924 | D:12     | Found Untaufum's Food Shoppe.
 19152 | D:12     | Received a gift from Okawaru
 19217 | D:12     | Reached skill level 20 in Fighting
 19218 | D:12     | Found a staircase to the Depths.
 19700 | Orc      | Entered the Orcish Mines
 19758 | Orc      | Found a staircase to the Elven Halls.
 19893 | Orc      | Noticed an orc warlord
 20218 | Orc      | Found Toasyvig's Book Emporium.
 20360 | Orc      | Noticed an orc warlord
 20392 | Orc      | Killed an orc warlord
 20446 | Orc      | Received a gift from Okawaru
 20465 | Orc      | Killed an orc warlord
 20792 | Orc      | Reached XP level 16. HP: 165/165 MP: 22/22
 20866 | Orc      | Got a smoking shield
 20877 | Orc      | Identified the +5 shield "Ubystruv" {*Corrode Dex+5} (You
                  | found it in the Orcish Mines)
 21002 | Orc      | Identified the ring "Pompuij" {rPois rC++ Dex+3 SInv}
 21219 | Orc      | Found Cemi's General Store.
 21219 | Orc      | Found Oclosu's Magic Scroll Shop.
 21220 | Orc      | Found Detim's Distillery.
 21220 | Orc      | Found Vikir's Antique Armour Boutique.
 21227 | Orc      | Bought a scroll of fear for 38 gold pieces
 21228 | Orc      | Bought a potion of heal wounds for 85 gold pieces
 21230 | Orc      | Bought a warped hat for 279 gold pieces
 21234 | Orc      | Bought a runed buckler for 232 gold pieces
 21244 | Orc      | Identified the +1 hat "Joehu" {rElec rPois MR++ Stlth-}
                  | (You bought it in a shop in the Orcish Mines)
 21633 | Swamp:1  | Entered Level 1 of the Swamp
 22110 | Swamp:1  | Received a gift from Okawaru
 22114 | Swamp:1  | Reached skill level 21 in Fighting
 23013 | Swamp:2  | Noticed a thorn hunter
 23046 | Swamp:2  | Killed a thorn hunter
 23128 | Swamp:2  | Found a large runed translucent door.
 23128 | Swamp:2  | Found a large runed translucent door.
 23132 | Swamp:2  | Noticed MisterOstroum's ghost (adept FrCj)
 23160 | Swamp:2  | Killed MisterOstroum's ghost
 23164 | Swamp:2  | Identified the Disquisition on Enchantment and Sinister
                  | Secrets
 23683 | Swamp:3  | Entered Level 3 of the Swamp
 23913 | Swamp:3  | Received a gift from Okawaru
 23914 | Swamp:3  | Got a dazzling bardiche {god gift}
 23954 | Swamp:3  | Identified the +4 bardiche of Kismet {vamp, Int+2 Stlth+}
                  | (Okawaru gifted it to you on level 3 of the Swamp)
 24273 | Swamp:3  | Noticed a tentacled monstrosity
 24283 | Swamp:3  | Killed a tentacled monstrosity
 24283 | Swamp:3  | Reached XP level 17. HP: 162/174 MP: 23/23
 24316 | Swamp:3  | Reached skill level 22 in Fighting
 24412 | Swamp:3  | Got a sparkling bone ring
 24413 | Swamp:3  | Identified the ring of Mysticism {rElec rN+ MP+9 Str+2}
                  | (You found it on level 3 of the Swamp)
 24663 | Swamp:3  | Received a gift from Okawaru
 24696 | Swamp:3  | Identified a +0 pair of boots of running (Okawaru gifted it
                  | to you on level 3 of the Swamp)
 24696 | Swamp:3  | Got a decaying rune of Zot
 25131 | Snake:1  | Entered Level 1 of the Snake Pit
 25625 | Snake:1  | Found a glowing silver altar of Zin.
 26195 | Snake:2  | Reached skill level 23 in Fighting
 26381 | Snake:2  | Found Ytte's General Store.
 26390 | Snake:2  | Bought 54 steel javelins for 226 gold pieces
 26450 | Snake:2  | Reached XP level 18. HP: 172/186 MP: 24/24
 27099 | Snake:2  | Received a gift from Okawaru
 27347 | Snake:2  | Noticed Asterion
 27369 | Snake:2  | HP: 6/186 [balrug/fireball[Asterion] (11)]
 27383 | Snake:1  | HP: 8/186 [burnt (3)]
 27816 | Snake:2  | Killed Asterion
 28157 | Snake:3  | Entered Level 3 of the Snake Pit
 28369 | Snake:3  | Received a gift from Okawaru
 28694 | Snake:3  | Reached skill level 24 in Fighting
 28707 | Snake:3  | Identified the +0 scale mail "Hecoicw" {rC+ Str+3} (Okawaru
                  | gifted it to you on level 3 of the Snake Pit)
 28707 | Snake:3  | Received a gift from Okawaru
 28962 | Snake:3  | Got a serpentine rune of Zot
 29068 | Snake:3  | Reached XP level 19. HP: 197/197 MP: 19/25
 29473 | Snake:3  | HP: 6/200 [naga warrior/+0 war axe (7)]
 29499 | Snake:3  | HP: 2/200 [naga warrior/+0 war axe (18)]
 29499 | Snake:3  | Slain by a naga warrior

Skill      XL: |  1  2  3  4  5  6  7  8  9 10 11 12 13 14 15 16 17 18 |
---------------+-------------------------------------------------------+-----
Fighting       | 1 2 3 5 8 10 12 14 15 17 18 20 21 23 24 | 24.6
Armour         | 2 5 6 7 8 |  8.2
Shields        | 1 4 |  4.0
Invocations    | 8 |  8.1
Short Blades   | | 24.6
Long Blades    | | 24.6
Axes           | | 24.6
Maces & Flails | | 24.6
Polearms       | | 24.6
Staves         | | 24.6
Dodging        | |  2.4
Stealth        | |  2.6
Unarmed Combat | | 24.6

Action                   |  1- 3 |  4- 6 |  7- 9 | 10-12 | 13-15 | 16-18 | 19-21 || total
-------------------------+-------+-------+-------+-------+-------+-------+-------++-------
Melee: Whip              |    72 |       |   574 |       |       |       |       ||   646
       Dagger            |   100 |   255 |    99 |       |       |       |       ||   454
       Punch             |       |     3 |    10 |    13 |       |       |       ||    26
       Hand axe          |       |    17 |       |       |       |       |       ||    17
       War axe           |       |       |    87 |    29 |       |       |       ||   116
       Scimitar          |       |       |       |   661 |   414 |       |       ||  1075
       Demon blade       |       |       |       |       |  1142 |  1618 |   164 ||  2924
Throw: Javelin           |       |     3 |     5 |    35 |    21 |    35 |       ||    99
Invok: Heroism           |       |       |       |     3 |     2 |     3 |       ||     8
       Finesse           |       |       |       |     1 |     2 |     1 |       ||     4
Evoke: Wand              |       |       |       |       |       |       |     1 ||     1
  Use: Scroll            |       |     7 |     3 |     9 |    14 |     5 |     1 ||    39
       Potion            |       |     1 |     1 |     2 |     2 |       |     3 ||     9
 Stab: Sleeping          |     2 |     1 |       |       |       |       |       ||     3
       Confused          |       |       |     2 |       |       |       |       ||     2
       Distracted        |       |       |     1 |       |       |       |       ||     1
  Eat: Chunk             |     2 |     7 |     7 |    11 |    25 |    20 |     2 ||    74
       Ration            |       |       |     9 |     6 |     4 |     2 |       ||    21
Armor: Robe              |     9 |       |       |       |       |       |       ||     9
       Ring mail         |    69 |    77 |       |       |       |       |       ||   146
       Gold dragon scale |       |     7 |   756 |   733 |  1103 |  1315 |   100 ||  4014
Dodge: Dodged            |   115 |   134 |   105 |    97 |   214 |   266 |    21 ||   952
Block: Other             |       |       |       |    50 |       |       |       ||    50
       Buckler           |       |       |       |    87 |   655 |  1189 |   158 ||  2089
       Reflection        |       |       |       |       |     3 |    66 |     7 ||    76
